 Dungeon Crawl Stone Soup version 0.24.0-7-gb3623d2c88 (webtiles) character file.

Game seed: 12838416921037666123, levelgen mode: deterministic

32181 Noname the Infuser (level 13, -4/100 HPs)
             Began as a Vampire Skald on Nov 2, 2019.
             Was a Priest of Ashenzari.
             Killed from afar by a frost giant (53 damage)
             ... with a bolt of cold
             ... in an ice cave.
             The game lasted 01:01:51 (17170 turns).

Noname the Infuser (Vampire Skald)                 Turns: 17170, Time: 01:01:51

Health: -4/100     AC: 13    Str: 19    XL:     13   Next: 30%
Magic:  15/31      EV: 13    Int: 15    God:    Ashenzari [***...]
Gold:   1351       SH: 10    Dex: 15    Spells: 14/25 levels left

rFire    . . .     SeeInvis +   a - +2 demon trident (curse)
rCold    . . .     Gourm    .   N - +0 shield (curse)
rNeg     . . .     Faith    .   A - +3 ring mail (curse)
rPois    .         Spirit   .   f - +0 hat
rElec    .         Reflect  .   C - +2 cloak
rCorr    .         Harm     .   n - +0 pair of gloves
MR       ++...                  (no boots)
Stlth    +++.......             w - amulet of the acrobat
HPRegen  1.46/turn              v - ring of magical power
MPRegen  0.22/turn              h - ring of protection from magic (curse)

@: mighty, shrouded (expiring), infused, singing, regenerating, studying Poison
Magic
A: no food, fangs 3, see invisible, unbreathing
a: Exsanguinate, Curse Item, Scrying, Renounce Religion


You were in an ice cave.
You worshipped Ashenzari.
Ashenzari was most pleased with you.
You were alive.

You visited 2 branches of the dungeon, and saw 15 of its levels.
You also visited: Ice Cave.

You collected 1351 gold pieces.

Inventory:

Hand Weapons
 a - a cursed +2 demon trident (weapon)
 O - a +0 trident of protection
 S - a +2 trident of venom
Missiles
 o - 16 boomerangs
 r - 7 poisoned darts (quivered)
 E - 4 curare-tipped darts {!f =f}
 H - a throwing net {!f =f}
Armour
 f - a +0 hat (worn)
 j - a +0 robe of cold resistance
 n - a +0 pair of gloves (worn)
 A - a cursed +3 ring mail (worn)
 C - a +2 cloak (worn)
 M - a +3 leather armour
 N - a cursed +0 shield (worn)
 T - a +2 leather armour of poison resistance
 U - a +2 robe of cold resistance
Magical Staves
 R - an uncursed staff of conjuration {!a}
Jewellery
 h - a cursed ring of protection from magic (right hand)
 l - an uncursed ring of resist corrosion
 v - a ring of magical power (left hand)
 w - an amulet of the acrobat (around neck)
 D - an uncursed ring of fire
Wands
 t - a wand of digging (13)
 y - a wand of iceblast (22)
 J - a wand of random effects (16)
 K - a wand of polymorph (12)
Scrolls
 b - a scroll of noise
 c - 9 scrolls of teleportation
 e - 4 scrolls of magic mapping
 i - 3 scrolls of enchant armour
 k - 3 scrolls of fog
 m - 4 scrolls of fear
 q - 2 scrolls of blinking
 x - 2 scrolls of immolation {!r}
 B - 2 scrolls of amnesia
Potions
 d - 2 potions of magic
 g - 6 potions of curing
 p - 5 potions of flight
 z - a potion of cancellation
 F - 4 potions of heal wounds
 G - a potion of mutation {!q}
 I - 2 potions of haste
 L - 3 potions of brilliance
 P - a potion of invisibility
 Q - 3 potions of agility
 V - a potion of might
Books
 s - a manual of Poison Magic


   Skills:
 + Level 8.8 Fighting
   Level 3.5 Long Blades
 + Level 9.9(12.6) Polearms
 + Level 6.1 Armour
 - Level 6.6 Dodging
 - Level 6.2 Stealth
 * Level 4.4(6.2) Shields
 - Level 6.5 Spellcasting
 - Level 3.0 Hexes
 + Level 12.5 Charms
 - Level 4.3 Necromancy


You had 14 spell levels left.
You knew the following spells:

 Your Spells              Type           Power        Failure   Level  Hunger
a - Infusion              Chrm           ####         1%          1    N/A
b - Song of Slaying       Chrm           #####...     1%          2    N/A
c - Shroud of Golubria    Chrm/Tloc      ###...       9%          2    N/A
d - Spectral Weapon       Hex/Chrm       ####....     9%          3    N/A
R - Regeneration          Chrm/Necr      ####......   7%          3    N/A

Your spell library contained the following spells:

 Spells                   Type           Power        Failure   Level  Hunger
 Animate Skeleton         Necr           N/A          12%         1    N/A
 Pain                     Necr           ###.         12%         1    N/A
 Vampiric Draining        Necr           ###.......   34%         3    N/A
 Magic Dart               Conj           #...         56%         1    N/A
 Searing Ray              Conj           #.....       71%         2    N/A
 Dazzling Spray           Conj/Hex       #.....       75%         3    N/A
 Animate Dead             Necr           N/A          75%         4    N/A
 Iskenderun's Battlesphe  Conj/Chrm      ###.....     83%         5    N/A
 Fulminant Prism          Conj/Hex       #.........   98%         4    N/A
 Force Lance              Conj/Tloc      #.......     100%        4    N/A
 Iskenderun's Mystic Bla  Conj           #.......     100%        4    N/A
 Bolt of Magma            Conj/Fire/Erth #.........   100%        5    N/A
 Venom Bolt               Conj/Pois      #.........   100%        5    N/A
 Iron Shot                Conj/Erth      #.........   100%        6    N/A
 Orb of Destruction       Conj           #.........   100%        7    N/A
 Spellforged Servitor     Conj/Summ      #.........   100%        7    N/A

Dungeon Overview and Level Annotations

Branches:
Dungeon (13/15)            Temple (0/1) D:6            Lair (0/6) D:10
    Orc (2/2) D:11          IceCv (1/1)
    Elf: Orc:2       Vaults: D:13-14

Altars:
Ashenzari
Dithmenos
Elyvilon
Makhleb
Nemelex Xobeh
Ru
Sif Muna
Xom
The Shining One
Lugonu

Shops:
D:4 %   D:10 *

Annotations:
D:4 exclusion: upstairs
D:5 3 runed translucent doors, Aviak's ghost, novice OpEn
D:10 2 transporters
Orc:2 Donald


Innate Abilities, Weirdness & Mutations

You do not eat.
Your natural rate of healing is unusually fast.
You have razor-sharp teeth.
You have supernaturally acute eyesight. (SInv)
You can survive without breathing.


Message History

The frost giant is heavily wounded.
Your spectral weapon hits the frost giant from afar!
Your shroud bends the yak's attack away.
You hear a howl!
You puncture the frost giant!
The frost giant is severely wounded.
Your spectral weapon hits the frost giant from afar!
The frost giant gestures at you while chanting.
The bolt of cold hits you!!
You take 26 damage, and have 46/100 hp.
MASSIVE DAMAGE!!
You puncture the frost giant!
The frost giant is almost dead.
Your spectral weapon hits the frost giant but does no damage.
The yak gores you but does no damage.
It was a potion of might.
You feel very mighty all of a sudden.
The frost giant points at you and mumbles some strange words.
The bolt of cold hits you!!!
Ouch! That really hurt!
You die...

##### ####### *#YCY####
####...... *
#{{{#@(..####.....#... ,
.....{####...#....#######
* ..YY.{** ###....### *#
, ..Ch. * ###### ≈ *
#..Y. , * ** ≈≈ * ,
,,##h., , ≈≈ ≈ , , ,#.. ,
**## ≈ ≈ , ##., , *###≈ ≈
≈ ≈ ≈≈ * ...,, #≈≈≈≈


You could see a frost giant, 2 yaks and a friendly spectral +2 demon trident.

Vanquished Creatures
  A hydra (D:12)
  5 two-headed ogres
  A centaur warrior (D:13)
  A tengu warrior (D:13)
  An unseen horror (D:11)
  An orc knight (Orc:1)
  Pikel (D:7)
  2 orc sorcerers
  A wolf spider (D:13)
  A cyclops (D:12)
  2 ugly things
  An ice statue (IceCv)
  2 gargoyles
  A kobold demonologist (D:12)
  A tengu conjurer (D:13)
  5 trolls
  13 polar bears (IceCv)
  2 hornets
  7 slime creatures
  4 hippogriffs
  A spriggan (D:7)
  A shadow (D:11)
  A wyvern (D:13)
  A steam dragon (D:11)
  16 yaks
  4 vampire mosquitoes (D:13)
  A basilisk (D:9)
  Grum (D:10)
  2 hungry ghosts
  A two-headed ogre zombie (D:11)
  A soldier ant (D:12)
  2 water moccasins
  4 porcupines
  5 ice beasts
  6 sky beasts
  8 orc warriors
  A black bear (D:11)
  4 phantoms (D:11)
  18 wolves
  An eye of draining (D:9)
  6 ogres
  19 centaurs
  3 crocodiles
  4 bullfrogs
  A wyvern zombie (D:13)
  A gnoll sergeant (D:9)
  A water moccasin zombie (D:8)
  2 wyvern skeletons
  7 scorpions
  2 troll zombies (D:11)
  24 killer bees
  2 howler monkeys (D:10)
  6 crimson imps
  4 centaur skeletons
  8 orc priests
  7 hounds
  5 jellies
  6 bullfrog skeletons
  6 iguanas
  17 orc wizards
  9 worker ants
  5 ogre zombies (D:11)
  2 hound skeletons
  8 gnolls
  11 adders
  2 shadow imps (D:5)
  9 white imps (Orc:2)
  4 oozes
  2 adder skeletons
  An adder zombie (D:9)
  2 dart slugs
  7 leopard geckos
  58 orcs
  8 giant cockroaches
  15 goblins
  5 hobgoblins
  17 jackals
  5 kobolds
  4 quokkas
  3 ball pythons
  6 bats
  5 frilled lizards
  A goblin skeleton (D:11)
  5 goblin zombies (D:11)
  2 hobgoblin skeletons (D:11)
  2 hobgoblin zombies (D:11)
  A leopard gecko skeleton (D:5)
  4 orc skeletons (D:11)
  11 orc zombies (D:11)
  8 rats
485 creatures vanquished.

Vanquished Creatures (others)
  5 dream sheep (D:9)
  A slave (D:7)
  A white imp (Orc:2)
  13 spectral weapons
20 creatures vanquished.

Grand Total: 505 creatures vanquished

Notes
Turn   | Place    | Note
-------+----------+-------------------------------------------
     0 | D:1      | Noname the Vampire Skald began the quest for the Orb.
     0 | D:1      | Reached XP level 1. HP: 16/16 MP: 3/3
   221 | D:1      | Reached skill level 1 in Armour
   221 | D:1      | Reached XP level 2. HP: 21/22 MP: 0/5
   665 | D:1      | Learned a level 2 spell: Song of Slaying
   996 | D:1      | Reached XP level 3. HP: 24/27 MP: 6/6
  1118 | D:2      | Noticed a scorpion
  1339 | D:2      | Learned a level 3 spell: Regeneration
  1643 | D:2      | Killed a scorpion
  1643 | D:2      | Reached skill level 4 in Charms
  1643 | D:2      | Reached XP level 4. HP: 12/34 MP: 3/7
  2027 | D:2      | Reached XP level 5. HP: 38/39 MP: 7/9
  2701 | D:3      | Found a sparkling altar of Nemelex Xobeh.
  2703 | D:3      | Found a shattered altar of Ashenzari.
  2762 | D:3      | Reached XP level 6. HP: 13/47 MP: 5/10
  3463 | D:4      | Found Yllieqarch's Food Emporium.
  3497 | D:4      | Learned a level 2 spell: Shroud of Golubria
  3501 | D:4      | Learned a level 3 spell: Spectral Weapon
  3676 | D:3      | Found a white marble altar of Elyvilon.
  3676 | D:3      | Found a burning altar of Makhleb.
  3689 | D:3      | Became a worshipper of Ashenzari the Shackled
  3745 | D:4      | Reached skill level 5 in Charms
  3850 | D:4      | Reached XP level 7. HP: 49/52 MP: 8/12
  4091 | D:5      | Entered Level 5 of the Dungeon
  4782 | D:5      | Found a runed translucent gate.
  4782 | D:5      | Found a runed translucent gate.
  4782 | D:5      | Found a runed translucent gate.
  4782 | D:5      | Noticed Aviak's ghost (novice OpEn)
  4819 | D:5      | Reached skill level 6 in Charms
  5033 | D:6      | Reached skill level 5 in Dodging
  5033 | D:6      | Reached XP level 8. HP: 31/60 MP: 14/14
  5149 | D:6      | Found a staircase to the Ecumenical Temple.
  5683 | D:6      | Reached skill level 7 in Charms
  6076 | D:7      | Reached skill level 1 in Polearms
  6080 | D:7      | Reached * piety under Ashenzari
  6199 | D:7      | Noticed Pikel
  6213 | D:7      | Killed Pikel
  6213 | D:7      | Reached skill level 5 in Fighting
  6213 | D:7      | Reached skill level 5 in Spellcasting
  6213 | D:7      | Reached skill level 8 in Charms
  6213 | D:7      | Reached XP level 9. HP: 38/68 MP: 0/16
  6810 | D:7      | Found a glowing golden altar of the Shining One.
  7057 | D:8      | Found a shadowy altar of Dithmenos.
  7057 | D:8      | Found a shimmering blue altar of Sif Muna.
  7595 | D:8      | Reached skill level 9 in Charms
  8042 | D:9      | Reached XP level 10. HP: 58/76 MP: 9/18
  8238 | D:9      | Found a shimmering altar of Xom.
  8548 | D:10     | Entered Level 10 of the Dungeon
  8551 | D:10     | Noticed a two-headed ogre
  8615 | D:9      | Reached skill level 5 in Polearms
  8939 | D:9      | HP: 3/76 [basilisk (8)]
  9610 | D:10     | Found a transporter.
  9627 | D:10     | Reached skill level 10 in Charms
  9656 | D:10     | Noticed a cyan ugly thing
  9677 | D:10     | Killed a cyan ugly thing
 10116 | D:10     | Found a corrupted altar of Lugonu.
 10116 | D:10     | Found a transporter.
 10116 | D:10     | Noticed a thrashing horror
 10124 | D:10     | Noticed Grum
 10132 | D:10     | Killed Grum
 10142 | D:10     | Reached skill level 1 in Necromancy
 10171 | D:10     | Reached XP level 11. HP: 7/83 MP: 8/20
 10454 | D:10     | Noticed a two-headed ogre
 10697 | D:10     | Killed a two-headed ogre
 10760 | D:10     | Found a staircase to the Lair.
 10801 | D:10     | Found Offuarov's Changing Room.
 10952 | D:10     | Reached skill level 11 in Charms
 11141 | D:11     | Noticed a two-headed ogre
 11153 | D:11     | Killed a two-headed ogre
 11778 | D:11     | Reached skill level 1 in Stealth
 11886 | D:11     | Reached skill level 1 in Hexes
 11896 | D:11     | Noticed an unseen horror
 11907 | D:11     | Killed an unseen horror
 11972 | D:11     | Noticed a cyan ugly thing
 11993 | D:11     | Killed a cyan ugly thing
 12172 | D:11     | Killed a two-headed ogre
 12400 | D:11     | Found a staircase to the Orcish Mines.
 12820 | D:11     | Reached ** piety under Ashenzari
 12940 | D:11     | Noticed a two-headed ogre
 12968 | D:11     | Killed a two-headed ogre
 13152 | D:12     | Reached XP level 12. HP: 89/91 MP: 21/21
 13175 | D:12     | Found a sacrificial altar of Ru.
 13350 | D:12     | Reached skill level 5 in Stealth
 13366 | D:12     | Noticed a two-headed ogre
 13382 | D:12     | Killed a two-headed ogre
 13548 | D:12     | Noticed an eight-headed hydra
 14162 | D:12     | Killed an eight-headed hydra
 14162 | D:12     | Reached skill level 5 in Armour
 14362 | D:13     | Noticed a tengu warrior
 14736 | D:13     | Noticed a centaur warrior
 14747 | D:13     | Killed a centaur warrior
 14747 | D:13     | Reached skill level 12 in Charms
 15062 | D:13     | Reached skill level 1 in Shields
 15258 | D:13     | Killed a tengu warrior
 15449 | Orc:1    | Entered Level 1 of the Orcish Mines
 15542 | Orc:1    | Reached *** piety under Ashenzari
 15756 | Orc:1    | Reached XP level 13. HP: 98/99 MP: 20/22
 16183 | Orc:2    | Entered Level 2 of the Orcish Mines
 16190 | Orc:2    | Noticed Donald
 16201 | Orc:2    | Found a frozen archway.
 16319 | IceCv    | Entered an ice cave
 17146 | IceCv    | Noticed a frost giant
 17170 | IceCv    | Killed from afar by a frost giant

Levels and vault maps discovered:
D:1:      ebering_trefoil_3fold, layout_basic, minivault_27
D:2:      layout_loops_ring, minmay_tree_intersection,
          kennysheep_decorative_pillar, minivault_11
D:3:      layout_loops_ring, nicolae_overflow_hidden_temple, first_ration
D:4:      layout_rooms, serial_shops, shop
D:5:      corexii_shack_village, layout_gridville, ebering_ghost_rock_garden,
          minmay_manual_mess
D:6:      layout_rooms, minmay_temple_entry_grid
D:7:      layout_loops_ring, the_bakery, minmay_misc_feat_enclosed,
          nicolae_tso_swordbearing_angel, uniq_pikel
D:8:      layout_loops_cross, gammafunk_temple_overflow_elements
D:9:      layout_gridville, kb_xom_exploding_sheep
D:10:     gammafunk_corrupted_shrine, layout_cave_pools,
          minmay_lair_entry_grove, nicolae_transmutations_shop, uniq_grum
D:11:     layout_long_grid, zombieorc2_lemuel, hangedman_abyss_or_decor_stabs
D:12:     layout_roguey, nicolae_ru_sacrificial_ziggurat
D:13:     layout_basic
Orc:1:    layout_caves
Orc:2:    st_orc_congregation, layout_caves, portal_ice_cave_entry_imps,
          uniq_donald
IceCv:    ice_cave_small_giant

Skill      XL: |  1  2  3  4  5  6  7  8  9 10 11 12 13 |
---------------+----------------------------------------+-----
Armour         | 1 3 4 5 6 |  6.1
Fighting       | 2 3 4 5 6 7 8 |  8.8
Dodging        | 3 4 5 6 |  6.6
Charms         | 4 5 6 8 9 10 11 12 | 12.5
Long Blades    | 3 |  3.5
Spellcasting   | 3 4 5 6 |  6.5
Polearms       | 2 4 6 8 9 |  9.9
Necromancy     | 1 3 4 |  4.3
Stealth        | 4 6 |  6.2
Hexes          | 3 |  3.0
Shields        | 3 4 |  4.4

Action                   |  1- 3 |  4- 6 |  7- 9 | 10-12 | 13-15 || total
-------------------------+-------+-------+-------+-------+-------++-------
Melee: Falchion          |   102 |   195 |       |       |       ||   297
       Bite              |     7 |    25 |    28 |    71 |    23 ||   154
       Whip              |       |    14 |   158 |       |       ||   172
       Trident           |       |       |   198 |   556 |       ||   754
       Demon trident     |       |       |       |   211 |   178 ||   389
Throw: Stone             |    12 |    12 |     7 |       |       ||    31
       Dart              |       |    34 |    27 |    42 |    20 ||   123
       Boomerang         |       |       |    10 |     1 |     3 ||    14
 Cast: Infusion          |    18 |    23 |    32 |    47 |     9 ||   129
       Song of Slaying   |     2 |     4 |    10 |    16 |     6 ||    38
       Regeneration      |       |     5 |    17 |    34 |    14 ||    70
       Shroud of Golubri |       |     2 |    36 |    66 |    13 ||   117
       Spectral Weapon   |       |       |     4 |    63 |    14 ||    81
Invok: Scrying           |       |       |       |     1 |       ||     1
       Curse Item        |       |       |       |     5 |       ||     5
 Abil: Exsanguinate      |       |     1 |       |       |       ||     1
Evoke: Wand              |       |       |       |     4 |       ||     4
  Use: Potion            |       |       |       |     4 |     1 ||     5
       Scroll            |       |       |       |    23 |       ||    23
 Stab: Sleeping          |       |       |     3 |     2 |       ||     5
       Distracted        |       |       |       |     9 |     1 ||    10
Armor: Leather armour    |    26 |    40 |    59 |    29 |       ||   154
       Ring mail         |       |       |       |   142 |    54 ||   196
Dodge: Dodged            |    61 |   138 |   266 |   441 |    77 ||   983
Block: Shield            |       |       |       |    51 |    64 ||   115
       Rpst.: Falchion   |    18 |    36 |       |       |       ||    54
